 Dungeon Crawl Stone Soup version 0.30-a0-358-g0d69a1922f (webtiles) character file.

Game seed: 11835437044840777638

78 snetch the Magician (level 4, 0/31 HPs)
             Began as a Djinni Fire Elementalist on Nov 8, 2022.
             Was a Follower of Qazlal.
             Slain by an orc
             ... wielding a +0 hand axe
              (4 damage)
             ... on level 3 of the Dungeon.
             The game lasted 00:07:05 (1341 turns).

snetch the Magician (Djinni Fire Elementalist)      Turns: 1341, Time: 00:07:06

Health: 0/31       AC:  4    Str:  7    XL:     4   Next: 61%
Gold:   121        EV: 12    Int: 18    God:    Qazlal [*.....] SH:  1 Dex: 14

rFire   + + .      SeeInvis .    e - +0 quarterstaff
rCold   x . .      Faith    .    (shield currently unavailable)
rNeg    . . .      Spirit   .    l - +0 leather armour
rPois   ∞          Reflect  .    i - +0 helmet
rElec   .          Harm     .    (no cloak)
rCorr   .          Rampage  .    (no gloves)
Will    .....                    (boots unavailable)
Stlth   ++........               (no amulet)
HPRegen 0.25/turn                (no ring)
MPRegen 0.00/turn                (no ring)

@: flying, very slightly contaminated
A: sickness immunity, fire resistance 2, cold vulnerability 1, float, innate
caster, HP casting, extra vitality 1
a: Renounce Religion


You were on level 3 of the Dungeon.
You worshipped Qazlal.
Qazlal was aware of your devotion.
You visited 1 branch of the dungeon, and saw 3 of its levels.

You collected 121 gold pieces.

Inventory:

Hand Weapons
 c - a +0 falchion
 e - a +0 quarterstaff (weapon)
Missiles
 d - 26 stones
Armour
 i - a +0 helmet (worn)
 l - a +0 leather armour (worn)
Jewellery
 n - the ring of Desertification {rF++ Will- Int+6}
   (You found it on level 3 of the Dungeon)

   [ring of intelligence]

   Int:       It affects your intelligence (+6).
   rF:        It greatly protects you from fire.
   Will:      It decreases your willpower.
Scrolls
 h - a scroll of magic mapping {unknown}
 m - a scroll of teleportation {unknown}
 p - a scroll of immolation {unknown}
 q - a scroll of fog {unknown}
Potions
 a - a potion of invisibility {unknown}
 b - a potion of haste {unknown}
 f - 2 potions of curing {unknown}
 g - a potion of might {unknown}
 j - a potion of mutation {unknown}
 k - 2 potions of heal wounds {unknown}
 o - a potion of cancellation {unknown}


   Skills:
 + Level 2.7 Dodging
 + Level 2.0 Stealth
 + Level 0.1 Unarmed Combat
 + Level 3.5 Spellcasting


You couldn't memorise any spells.
You knew the following spells:

 Your Spells              Type           Power      Damage    Failure   Level
a - Foxfire               Conj/Fire      60%        2x1d7     5%          1
b - Scorch                Fire           30%        2d6       9%          2
c - Kindle Blastsparks    Fire/Tloc/Air  30%        2d12      16%         3
d - Inner Flame           Hex/Fire       15%        N/A       16%         3
e - Flame Wave            Conj/Fire      15%        2d7       47%         4
f - Sandblast             Erth           30%        2d9       5%          1
Your spell library was empty.

Dungeon Overview and Level Annotations

Branches:
Dungeon (3/15)

Altars:
Qazlal
Zin


Innate Abilities, Weirdness & Mutations

You are immune to sickness and miasma.
You are immune to poison.
Your flesh is very heat resistant. (rF++)
You are vulnerable to cold. (rC-)
You float through the air rather than walking.
You learn spells naturally, not from books.
Your magical power is your life essence.
You have superior vitality. (+4 MHP)


Message History

An orc comes into view. It is wielding a +0 hand axe.
The adder closely misses you.
You completely miss the adder.
The adder is lightly wounded.
The adder misses you. The adder closely misses you.
Casting: Scorch (safe; 9% risk of failure)
Confirm with . or Enter, or press ? or * to list all spells.
Flames lash the kobold.
You kill the kobold!
Qazlal accepts your kill. The adder barely misses you.
You hit the adder but do no damage.
The adder is lightly wounded.
The adder bites you. The adder barely misses you.
Casting: Scorch (safe; 9% risk of failure)
Confirm with . or Enter, or press ? or * to list all spells.
Flames lash the adder.
The adder is severely wounded.
The adder's fire resistance burns away.
The adder closely misses you.
You thump the adder!
You kill the adder!
Qazlal accepts your kill.
Your magical contamination has completely faded away.
You are too injured to fight recklessly!
You are too injured to fight recklessly!
Casting: Foxfire (safe; 5% risk of failure)
Press: ? - help, Q - select action, (/) - cycle Dir - look around, f - activate You miscast Foxfire.
You are very lightly contaminated with residual magic.
Nothing appears to happen.
The orc hits you with a +0 hand axe.
* * * LOW HITPOINT WARNING * * *
Casting: Foxfire (safe; 5% risk of failure)
Press: ? - help, Q - select action, (/) - cycle Dir - look around, f - activate You conjure some foxfire!
* * * LOW HITPOINT WARNING * * *
The orc hits you with a +0 hand axe.
* * * LOW HITPOINT WARNING * * *
The orc attacks as you move away! The orc hits you with a +0 hand axe.
You die...

##...##...## #.....#
##..........## .......##
#..........>.# ........#
#............## ........#
#.............. ........#
#......)....#..
........####.#...##...##..
........##v..########....#
.......Jo@v.###########...
.......###..........####.#
....... #.########....†.#
.###### ..# ##...... ##..
#.####. ..# #..# ## ###
....# ##.... . ..### .


You could see an orc (ally target) and an endoplasm.

Vanquished Creatures
  A gnoll (D:2)
  3 adders
  A dart slug (D:1)
  An orc (D:3)
  4 ball pythons (D:1)
  2 bats
  4 endoplasms
  2 giant cockroaches (D:1)
  A hobgoblin (D:1)
  2 jackals (D:1)
  3 quokkas (D:1)
  A frilled lizard (D:1)
  A goblin (D:3)
  7 kobolds
  5 rats
38 creatures vanquished.

Vanquished Creatures (others)
  77 foxfires
77 creatures vanquished.

Grand Total: 115 creatures vanquished

Notes
Turn   | Place    | Note
-------+----------+-------------------------------------------
     0 | D:1      | snetch the Djinni Fire Elementalist began the quest for the
                  | Orb.
     0 | D:1      | snetch set off with the following spells memorised:
                  | Foxfire, Scorch, Kindle Blastsparks, Inner Flame, Flame
                  | Wave.
     0 | D:1      | Reached XP level 1. HP: 15/15 MP: 0/0
    45 | D:1      | Reached XP level 2. HP: 13/21 MP: 0/0
   250 | D:1      | You are sucked into a shaft and drop 1 floor!
   329 | D:2      | Reached skill level 3 in Spellcasting
   329 | D:2      | Reached XP level 3. HP: 18/25 MP: 0/0
   329 | D:2      | Learned a level 1 spell: Sandblast
   626 | D:2      | Found a faded altar of an unknown god.
   633 | D:2      | Prayed at the altar of an unknown god.
   633 | D:2      | Became a worshipper of Qazlal Stormbringer
   633 | D:2      | Reached * piety under Qazlal
   875 | D:2      | Reached XP level 4. HP: 28/31 MP: 0/0
  1107 | D:3      | Identified the ring of Desertification {rF++ Will- Int+6}
  1170 | D:3      | Found a glowing silver altar of Zin.
  1341 | D:3      | Slain by an orc

Illustrated notes

Levels and vault maps discovered:
D:1:      lemuel_arrival_room, layout_loops_ring, minmay_pentomino_x2
D:2:      layout_loops_corners, ebering_ecumenical_altar_rust,
          chequers_serial_rivers_room_a
D:3:      layout_rooms, mainiacjoe_overflow_24_doors, lightli_temple_of_fire,
          portal_sewer_entry_f, kennysheep_generic_room_3

Skill      XL: |  1  2  3  4 |
---------------+-------------+-----
Spellcasting   | 3 |  3.5
Stealth        | 2 |  2.0
Dodging        | |  2.7
Unarmed Combat | |  0.1

Action                   |  1- 3 |  4- 6 || total
-------------------------+-------+-------++-------
Melee: Unarmed           |     2 |       ||     2
       Falchion          |     1 |       ||     1
       Quarterstaff      |    10 |    11 ||    21
 Cast: Foxfire           |    40 |     9 ||    49
       Sandblast         |     8 |       ||     8
       Scorch            |       |     5 ||     5
Armor: Robe              |     4 |       ||     4
       Leather armour    |     1 |     3 ||     4
Dodge: Dodged            |    19 |    20 ||    39

Table legend: (Time is in decaauts)
 A = Elapsed time spent in this place.
 B = Non-inter-level travel time spent in this place.
 C = Inter-level travel time spent in this place.
 D = Time resting spent in this place.
 E = Time spent auto-exploring this place.
 F = Levels seen in this place.
 G = Mean time per level.
                   A        B        C        D        E       F      G
               +--------+--------+--------+--------+--------+-----+--------+
         Total |   1350 |   1305 |     45 |      0 |    767 |   3 |  450.0 |
       Dungeon |   1350 |   1305 |     45 |      0 |    767 |   3 |  450.0 |
               +--------+--------+--------+--------+--------+-----+--------+

Top non-repeatable levels by time:
     D:1: 848 daAuts
     D:2: 261 daAuts
     D:3: 240 daAuts
